[Event "Titled Tuesday Blitz October 31 Early 2023"]
[White "Skuhala, Barbara"]
[Black "Eynullayev, Atilla"]
[WhiteFideId "14605465"]
[BlackFideId "13413570"]
[WhiteElo "2287"]
[BlackElo "2523"]
[Result "0-1"]
[Round "2"]
[TimeControl "180+1"]
[Date "2023.10.31"]
[WhiteClock "0:00:25"]
[BlackClock "0:00:11"]
[Board "146"]

1. d4 Nf6 2. Nf3 e6 3. e3 b6 4. c4 Bb7 5. Nc3 Bb4 6. Bd3 O-O 7. Bd2 Bxc3 8. Bxc3 Ne4 9. Be2 Nxc3 10. bxc3 d6 11. O-O f5 12. Qc2 Nd7 13. Rfd1 Nf6 14. c5 Be4 15. Qb3 d5 16. c4 c6 17. Nd2 f4 18. exf4 bxc5 19. dxc5 Qa5 20. Nxe4 Nxe4 21. cxd5 cxd5 22. Bf3 Rxf4 23. Qe3 Raf8 24. Rac1 Ng5 25. Be2 Rxf2 26. c6 Qc7 27. Qxg5 Rxe2 28. Rf1 Qb6+ 29. Kh1 Rxf1+ 30. Rxf1 h6 31. Qe7 Qxc6 32. Qf7+ Kh7 33. Qf3 Qc4 34. h3 Re4 35. Rf2 Qc1+ 36. Kh2 Qg5 37. Rf1 Qe5+ 38. Kh1 a5 39. Qd3 a4 40. Rf3 Kg8 41. Rf1 Re1 42. Rxe1 Qxe1+ 43. Kh2 Qe5+ 44. Kh1 Qe4 45. Qb5 Kh7 46. a3 Qc4 47. Qb1+ Kg8 48. Qb8+ Kf7 49. Qb7+ Kf6 50. Qb2+ d4 51. Qf2+ Ke7 52. Qf3 Qd5 53. Qd3 e5 54. Qg6 Kf8 55. Qf5+ Ke8 56. Qg6+ Kf8 57. Qf5+ Ke7 58. Qg6 d3 59. Qxg7+ Kd6 60. Qf8+ Kc6 61. Qa8+ Kc5 62. Qa5+ Kd4 63. Qxa4+ Ke3 64. Qd1 d2 65. a4 Qc4 66. Qf3+ Kd4 67. Qf2+ Kc3 68. Qe3+ Qd3 69. Qc5+ Kb2 70. Qb4+ Kc1 71. Qc5+ Qc2 72. Qe3 Qxa4 73. Kh2 Qf4+ 0-1


[Site "https://www.chess.com"]

[Event "Titled Tuesday Blitz October 31 Early 2023"]
[White "Cardozo Munar, Carlos Eduardo"]
[Black "Heinemann, Josefine"]
[WhiteFideId "4409477"]
[BlackFideId "12900460"]
[WhiteElo "2284"]
[BlackElo "2523"]
[Result "0-1"]
[Round "2"]
[TimeControl "180+1"]
[Date "2023.10.31"]
[WhiteClock "0:01:58"]
[BlackClock "0:01:18"]
[Board "147"]

1. d4 d5 2. c3 Nf6 3. Bg5 Ne4 4. h4 c5 5. dxc5 Nxg5 6. hxg5 e6 7. Nf3 Bxc5 8. Qc2 g6 9. e3 Nc6 10. Nbd2 Be7 11. Bd3 Bxg5 12. Bxg6 fxg6 13. Rxh7 Rxh7 14. Qxg6+ Rf7 15. Nxg5 Qf6 16. Qxf7+ Qxf7 17. Nxf7 Kxf7 18. O-O-O Bd7 19. Rh1 Rg8 20. g3 Ne5 21. Kc2 Bb5 22. Rh5 Bd3+ 23. Kb3 Ng4 24. Rh4 Ke7 25. Rh7+ Bxh7 0-1


[Site "https://www.chess.com"]

[Event "Titled Tuesday Blitz October 31 Early 2023"]
[White "Demin, Vladimir"]
[Black "Malikova777"]
[WhiteFideId "4167457"]
[WhiteElo "2523"]
[BlackElo "2277"]
[Result "1-0"]
[Round "2"]
[TimeControl "180+1"]
[Date "2023.10.31"]
[WhiteClock "0:01:01"]
[BlackClock "0:00:46"]
[Board "148"]

1. d4 Nf6 2. Nc3 e6 3. e4 c5 4. dxc5 Bxc5 5. e5 Ng8 6. Ne4 Qb6 7. Nxc5 Qxc5 8. Nf3 Nc6 9. Qe2 Nge7 10. Be3 Qb4+ 11. c3 Qe4 12. Qd3 Qd5 13. Be2 O-O 14. O-O b6 15. Rad1 Qxa2 16. Qc2 Nd5 17. Ng5 g6 18. Bd4 Nf4 19. Bf3 Bb7 20. Ne4 Nxd4 21. Rxd4 Bxe4 22. Rxe4 Nd5 23. Ra4 1-0


[Site "https://www.chess.com"]

[Event "Titled Tuesday Blitz October 31 Early 2023"]
[White "Novikova, Anna"]
[Black "Camilla_Lee"]
[WhiteFideId "4146794"]
[WhiteElo "2276"]
[BlackElo "2521"]
[Result "1-0"]
[Round "2"]
[TimeControl "180+1"]
[Date "2023.10.31"]
[WhiteClock "0:00:48"]
[BlackClock "0:00:28"]
[Board "149"]

1. e4 e5 2. Nf3 Nc6 3. Bc4 Nf6 4. Ng5 d5 5. exd5 Nd4 6. c3 b5 7. cxd4 bxc4 8. dxe5 Qxd5 9. O-O Bb7 10. Nf3 Nd7 11. Nc3 Qd3 12. Re1 Bc5 13. Na4 O-O 14. Nxc5 Nxc5 15. Re3 Qd5 16. Qc2 Rad8 17. b3 cxb3 18. axb3 Rfe8 19. Ra5 1-0


[Site "https://www.chess.com"]

[Event "Titled Tuesday Blitz October 31 Early 2023"]
[White "Ekdyshman, Mikhail"]
[Black "Nekoo04"]
[WhiteFideId "4149416"]
[WhiteElo "2519"]
[BlackElo "2275"]
[Result "1-0"]
[Round "2"]
[TimeControl "180+1"]
[Date "2023.10.31"]
[WhiteClock "0:00:20"]
[BlackClock "0:00:04"]
[Board "150"]

1. d4 d5 2. Nf3 Nf6 3. Bg5 Ne4 4. Bh4 c6 5. c3 Qb6 6. Qb3 Bf5 7. Nbd2 Nd7 8. e3 e6 9. Be2 c5 10. Nxe4 Bxe4 11. Nd2 Bg6 12. O-O cxd4 13. exd4 Bd6 14. Bg3 Bxg3 15. hxg3 O-O 16. Nf3 Qc7 17. Nh4 Be4 18. Rad1 a6 19. Bd3 b5 20. Bxe4 dxe4 21. Qc2 Nf6 22. Qd2 h6 23. f4 exf3 24. Rxf3 Ne4 25. Qe3 Qc6 26. Re1 Nd6 27. Rff1 b4 28. cxb4 Rfb8 29. a3 a5 30. d5 Qxd5 31. Rd1 Nc4 32. Qf4 Qb7 33. Qxc4 axb4 34. axb4 Qxb4 35. Qxb4 Rxb4 36. Rd7 g5 37. Nf3 Rxb2 38. Ne5 Raa2 39. Rd8+ Kg7 40. Rxf7# 1-0


[Site "https://www.chess.com"]

[Event "Titled Tuesday Blitz October 31 Early 2023"]
[White "Purtseladze, Maka"]
[Black "Sarkar, Justin"]
[WhiteFideId "13602659"]
[BlackFideId "2010011"]
[WhiteElo "2518"]
[BlackElo "2272"]
[Result "1-0"]
[Round "2"]
[TimeControl "180+1"]
[Date "2023.10.31"]
[WhiteClock "0:01:02"]
[BlackClock "0:00:00"]
[Board "151"]

1. d4 Nf6 2. Nc3 e6 3. e4 d5 4. Bg5 Be7 5. e5 Ne4 6. Bxe7 Nxc3 7. bxc3 Qxe7 8. f4 c5 9. Nf3 b6 10. Bd3 Ba6 11. Bxa6 Nxa6 12. O-O O-O 13. Qd3 Nc7 14. Ng5 g6 15. Qh3 f6 16. exf6 Rxf6 17. Rae1 Raf8 18. g3 cxd4 19. cxd4 Qg7 20. c3 Re8 21. Re5 h6 22. Nf3 Nb5 23. Re3 Nd6 24. Rfe1 Nc4 25. Rxe6 Rfxe6 26. Rxe6 Qf7 27. Rxe8+ Qxe8 28. Ne5 1-0


[Site "https://www.chess.com"]

[Event "Titled Tuesday Blitz October 31 Early 2023"]
[White "vishwa_vijeta"]
[Black "Ng, Gary"]
[BlackFideId "2604914"]
[WhiteElo "2516"]
[BlackElo "2266"]
[Result "1-0"]
[Round "2"]
[TimeControl "180+1"]
[Date "2023.10.31"]
[WhiteClock "0:02:25"]
[BlackClock "0:01:47"]
[Board "152"]

1. e4 b6 2. d4 Bb7 3. Nd2 Nf6 4. Bd3 Nc6 5. e5 Nb4 6. exf6 Nxd3+ 7. cxd3 Bxg2 8. fxg7 Bxg7 9. Qg4 Bxh1 10. Qxg7 Rf8 11. Ne4 Bxe4 12. Bh6 d5 13. Qxf8+ Kd7 14. Qxd8+ Rxd8 15. dxe4 1-0


[Site "https://www.chess.com"]

[Event "Titled Tuesday Blitz October 31 Early 2023"]
[White "Hon, Eric"]
[Black "Estrada Nieto, Julian"]
[WhiteFideId "2097117"]
[BlackFideId "5101018"]
[WhiteElo "2254"]
[BlackElo "2515"]
[Result "0-1"]
[Round "2"]
[TimeControl "180+1"]
[Date "2023.10.31"]
[WhiteClock "0:01:10"]
[BlackClock "0:01:02"]
[Board "153"]

1. e4 e5 2. Nf3 Nc6 3. Bc4 Bc5 4. c3 Nf6 5. d3 d6 6. Nbd2 a6 7. h3 Ba7 8. Nf1 h6 9. Bb3 Be6 10. Be3 Qd7 11. Qe2 O-O-O 12. Bxa7 Nxa7 13. Ne3 Nc6 14. Nd5 Bxd5 15. exd5 Ne7 16. c4 Rhe8 17. O-O-O Nf5 18. g4 Nd4 19. Nxd4 exd4 20. Qf3 c5 21. dxc6 Qxc6 22. Qxc6+ bxc6 23. Rde1 g5 24. c5 d5 25. Ba4 Kc7 26. Kd2 Nd7 27. b4 a5 28. a3 axb4 29. axb4 Ne5 30. Kd1 Ra8 31. Bb3 Nxd3 0-1


[Site "https://www.chess.com"]

[Event "Titled Tuesday Blitz October 31 Early 2023"]
[White "Zaichenko, Daria"]
[Black "Ronka, Erik"]
[WhiteFideId "4197453"]
[BlackFideId "505080"]
[WhiteElo "2251"]
[BlackElo "2511"]
[Result "1/2-1/2"]
[Round "2"]
[TimeControl "180+1"]
[Date "2023.10.31"]
[WhiteClock "0:00:04"]
[BlackClock "0:00:08"]
[Board "154"]

1. e4 e5 2. Nf3 Nc6 3. Bc4 Nf6 4. d3 Be7 5. c3 O-O 6. Bb3 d5 7. Qe2 a5 8. a4 Be6 9. Bc2 h6 10. Nbd2 Qd7 11. Nf1 Rfe8 12. Ng3 Rad8 13. O-O d4 14. Nh4 Bg4 15. f3 Be6 16. Ngf5 Bf8 17. g4 Kh7 18. Qd2 Ng8 19. g5 g6 20. Nxh6 Nxh6 21. gxh6 Qe7 22. Ng2 Qf6 23. f4 exf4 24. Rxf4 Qe5 25. Qf2 Rd7 26. Ne1 dxc3 27. Nf3 Qc5 28. Be3 cxb2 29. Rb1 Qc3 30. Ng5+ Kh8 31. Nxf7+ Bxf7 32. Rxf7 Rxf7 33. Qxf7 Qxc2 34. Qf6+ Kh7 35. Qf7+ Kh8 36. Qf6+ Kg8 37. Qxg6+ Kh8 38. Qf6+ Kh7 39. Qf7+ Kh8 40. Qf6+ Kg8 41. Qg6+ Kh8 42. Qf6+ 1/2-1/2


[Site "https://www.chess.com"]

[Event "Titled Tuesday Blitz October 31 Early 2023"]
[White "De Souza, Cristiano Gomes"]
[Black "Lehtosaari, Mauri"]
[WhiteFideId "2151758"]
[BlackFideId "501999"]
[WhiteElo "2249"]
[BlackElo "2511"]
[Result "0-1"]
[Round "2"]
[TimeControl "180+1"]
[Date "2023.10.31"]
[WhiteClock "0:00:14"]
[BlackClock "0:00:23"]
[Board "155"]

1. d4 d5 2. c4 c6 3. Nf3 Nf6 4. Nc3 dxc4 5. a4 Bf5 6. Ne5 Nbd7 7. Nxc4 Nb6 8. Ne5 a5 9. f3 Nfd7 10. e4 Nxe5 11. exf5 Ned7 12. Be3 Nf6 13. Be2 Nfd5 14. Bf2 g6 15. fxg6 hxg6 16. O-O Bg7 17. Ne4 Nf4 18. Re1 Nxe2+ 19. Rxe2 Nd5 20. g3 O-O 21. Nc5 b6 22. Nd3 Rc8 23. Rc1 e6 24. Ne5 Nb4 25. f4 Qd5 26. Rd2 Rfd8 27. Qe2 b5 28. axb5 cxb5 29. Re1 a4 30. Qf3 Qxf3 31. Nxf3 Nd5 32. Ne5 Bf8 33. Nd3 b4 34. Nc5 Bxc5 35. dxc5 Rc6 36. Red1 Ra8 37. Kg2 a3 38. bxa3 bxa3 39. Ra1 Nc3 40. Rc2 Ne4 41. Rca2 Rca6 42. Bd4 Kf8 43. Kf3 f5 44. g4 Ke7 45. gxf5 exf5 46. Rg2 Kd7 47. Rgg1 Nd2+ 48. Ke3 Nb3 49. Ra2 Kc6 50. Rb1 Re8+ 51. Kd3 Nxd4 52. Kxd4 Re4+ 53. Kd3 Rxf4 54. Rb3 Rh4 55. Kc2 Kxc5 56. Kb1 Rb4 57. Rxb4 Kxb4 58. Kc2 Rc6+ 59. Kd2 Kb3 0-1


[Site "https://www.chess.com"]

[Event "Titled Tuesday Blitz October 31 Early 2023"]
[White "Reprintsev, Alexander"]
[Black "Dodaro, Mattia"]
[WhiteFideId "14100541"]
[BlackFideId "28583400"]
[WhiteElo "2511"]
[BlackElo "2249"]
[Result "1-0"]
[Round "2"]
[TimeControl "180+1"]
[Date "2023.10.31"]
[WhiteClock "0:01:46"]
[BlackClock "0:00:16"]
[Board "156"]

1. e4 g6 2. d4 Bg7 3. Nc3 d6 4. h4 h5 5. Nf3 a6 6. Ng5 b5 7. a4 b4 8. Ne2 Nf6 9. f3 O-O 10. Be3 Nbd7 11. Qd2 c5 12. g3 Nb6 13. b3 Qc7 14. Bg2 Bb7 15. O-O a5 16. Rf2 c4 17. d5 Nfxd5 18. Raf1 Nxe3 19. Qxe3 cxb3 20. cxb3 Ba6 21. Rc1 Qb7 22. Nf4 Rac8 23. Rfc2 Rc3 24. Rxc3 bxc3 25. g4 hxg4 26. fxg4 Nd7 27. h5 Qb4 28. Kh1 Qxb3 29. hxg6 fxg6 30. Nxg6 Rb8 31. Qh3 Nf6 32. e5 Qb2 33. Bd5+ Nxd5 34. Qh7# 1-0


[Site "https://www.chess.com"]

[Event "Titled Tuesday Blitz October 31 Early 2023"]
[White "Akylbek2021"]
[Black "subham777"]
[WhiteElo "2247"]
[BlackElo "2510"]
[Result "0-1"]
[Round "2"]
[TimeControl "180+1"]
[Date "2023.10.31"]
[WhiteClock "0:00:00"]
[BlackClock "0:00:04"]
[Board "157"]

1. e4 e6 2. d4 d5 3. Nd2 c5 4. exd5 Qxd5 5. Ngf3 cxd4 6. Bc4 Qd7 7. O-O Nc6 8. Nb3 Nf6 9. Nbxd4 Nxd4 10. Nxd4 a6 11. c3 Bc5 12. Nb3 Ba7 13. a4 O-O 14. Bg5 Nd5 15. Qg4 b5 16. axb5 axb5 17. Bd3 Bb7 18. Rfd1 f5 19. Qh5 Qc6 20. Na5 Bxf2+ 21. Kxf2 Rxa5 22. Rxa5 Qb6+ 23. Kf1 Qxa5 24. Qe2 Qb6 25. Bxb5 f4 26. c4 Ne3+ 27. Ke1 Nxd1 28. Kxd1 Qd4+ 29. Kc2 Be4+ 30. Kb3 Bf5 31. Be7 Ra8 32. Ba3 Rb8 33. Ka2 h6 34. Qe1 Qd3 35. Qe5 Rc8 36. Qe1 Qe4 37. Qc3 Qe3 38. Qb4 Qa7 39. Qd2 Qf7 40. Qe2 e5 41. Qd2 Be6 42. Qe2 Rxc4 43. Kb1 Rc8 44. Qxe5 Qf5+ 45. Qxf5 Bxf5+ 46. Ka2 Be6+ 47. Kb1 Bd5 48. Be2 Bxg2 49. Bd6 f3 50. Bd3 Rd8 51. Bc4+ Kh8 52. Bg3 Rd2 53. Be1 Rd8 54. Kc2 Re8 55. Bg3 Bh3 56. Kd2 Bf5 57. b3 Kh7 58. Bf4 g5 59. Bg3 h5 60. h4 Kg6 61. b4 gxh4 62. Bxh4 Re4 0-1


[Site "https://www.chess.com"]

[Event "Titled Tuesday Blitz October 31 Early 2023"]
[White "Aash20"]
[Black "Ruge, Edison"]
[BlackFideId "4401000"]
[WhiteElo "2507"]
[BlackElo "2243"]
[Result "1-0"]
[Round "2"]
[TimeControl "180+1"]
[Date "2023.10.31"]
[WhiteClock "0:01:59"]
[BlackClock "0:00:00"]
[Board "158"]

1. e4 e5 2. Nf3 Nc6 3. Bc4 Be7 4. O-O Nf6 5. Re1 d6 6. d4 O-O 7. dxe5 dxe5 8. Qxd8 Bxd8 9. Nc3 Bg4 10. Be3 Bxf3 11. gxf3 Nd4 12. Bxd4 exd4 13. Ne2 c5 14. c3 Rc8 15. cxd4 cxd4 16. b3 Bb6 17. Rad1 Rfd8 18. Rd3 Nd7 19. f4 Nc5 20. Rxd4 Rxd4 21. Nxd4 Nd3 22. Rd1 Nb2 23. Rd2 Nxc4 24. bxc4 Rxc4 25. Ne2 Rxe4 26. Kg2 h5 27. Kf3 Ra4 28. Rc2 Ra3+ 29. Ke4 g6 30. Nc3 Bxf2 31. Nd5 Ra4+ 32. Kf3 Bd4 33. h4 Kg7 34. Rc7 Rxa2 35. Rxb7 Ra3+ 36. Ke4 Bc5 37. Nc7 Re3+ 38. Kd5 Bb6 39. Nb5 Kf6 40. Nd6 Rd3+ 41. Kc6 Rc3+ 42. Kd5 Rc5+ 43. Ke4 Rc7 44. Ne8+ Ke6 45. Nxc7+ Bxc7 46. Rxc7 1-0


[Site "https://www.chess.com"]

[Event "Titled Tuesday Blitz October 31 Early 2023"]
[White "Cueto, Jonny"]
[Black "Alinasab, Mobina"]
[WhiteFideId "3300145"]
[BlackFideId "12528897"]
[WhiteElo "2242"]
[BlackElo "2507"]
[Result "0-1"]
[Round "2"]
[TimeControl "180+1"]
[Date "2023.10.31"]
[WhiteClock "0:01:12"]
[BlackClock "0:01:10"]
[Board "159"]

1. d4 Nf6 2. Bf4 e6 3. e3 b6 4. Nf3 Bb7 5. h3 Be7 6. Nbd2 O-O 7. c4 c5 8. Bd3 cxd4 9. exd4 d5 10. b3 Nc6 11. O-O dxc4 12. Nxc4 Nb4 13. Bb1 Nbd5 14. Bg3 Nc3 15. Qd3 Nxb1 16. Raxb1 Be4 17. Qe3 Bxb1 18. Rxb1 Rc8 19. Be5 Nd5 20. Qd3 b5 21. Ncd2 a6 22. Ne4 f6 23. Bg3 Qd7 24. b4 Nxb4 25. Qe3 Nd5 26. Qd2 b4 27. h4 a5 28. h5 a4 29. h6 g6 30. Ne1 Nc3 31. Ra1 Nxe4 32. Qe3 Nxg3 0-1


[Site "https://www.chess.com"]

[Event "Titled Tuesday Blitz October 31 Early 2023"]
[White "Kubicka, Anna"]
[Black "parintele_chess"]
[WhiteFideId "1152254"]
[WhiteElo "2505"]
[BlackElo "2239"]
[Result "1-0"]
[Round "2"]
[TimeControl "180+1"]
[Date "2023.10.31"]
[WhiteClock "0:01:14"]
[BlackClock "0:00:00"]
[Board "160"]

1. d4 Nf6 2. Nf3 d5 3. Bf4 g6 4. Nc3 Bg7 5. e3 O-O 6. h3 a6 7. Ne5 c5 8. Be2 Nc6 9. O-O Nd7 10. Nxd7 Qxd7 11. dxc5 e5 12. Bg3 d4 13. Ne4 f5 14. Nd6 f4 15. exf4 exf4 16. Bg4 Qd8 17. Bxc8 Rxc8 18. Nxc8 fxg3 19. Nd6 gxf2+ 20. Rxf2 Rxf2 21. Kxf2 Qh4+ 22. Kg1 d3 23. Qf3 Bd4+ 24. Kh1 Ne5 25. Qd5+ Kg7 26. cxd3 Qf2 27. Ne4 Ng4 28. Nxf2 Nxf2+ 29. Kh2 1-0


[Site "https://www.chess.com"]

[Event "Titled Tuesday Blitz October 31 Early 2023"]
[White "Kuchava, Ana"]
[Black "Panda Sambit"]
[WhiteFideId "13605348"]
[BlackFideId "25091794"]
[WhiteElo "2235"]
[BlackElo "2503"]
[Result "1/2-1/2"]
[Round "2"]
[TimeControl "180+1"]
[Date "2023.10.31"]
[WhiteClock "0:00:10"]
[BlackClock "0:01:20"]
[Board "161"]

1. d4 d5 2. Nf3 e6 3. c4 a6 4. e3 Nf6 5. Nc3 Nbd7 6. Bd3 dxc4 7. Bxc4 b5 8. Bd3 c5 9. O-O Bb7 10. Qe2 Be7 11. Rd1 Qb6 12. a3 O-O 13. Bd2 Bxf3 14. Qxf3 cxd4 15. exd4 Qxd4 16. Be3 Qh4 17. Rac1 Ne5 18. Qe2 Nxd3 19. Rxd3 Rac8 20. Rcd1 Ng4 21. h3 Nxe3 22. Qxe3 Bc5 23. Qf3 h6 24. Ne4 e5 25. Rd7 Bd4 26. Kh2 Rcd8 27. g3 Qxe4 28. Qxe4 Rxd7 29. Kg2 Rc8 30. Rd2 g6 31. Rc2 Rdc7 32. Rxc7 Rxc7 33. Qa8+ Kg7 34. Qxa6 Rc2 35. Qxb5 Rxf2+ 36. Kh1 Rxb2 37. Qc4 Rb1+ 38. Kg2 Rb2+ 39. Kh1 Rb1+ 40. Kg2 Rg1+ 41. Kf3 Ra1 42. a4 Ra3+ 43. Kg2 g5 44. Qb4 Ra2+ 45. Kf3 Rf2+ 46. Ke4 Re2+ 47. Kf3 Rf2+ 48. Ke4 f5+ 49. Kd5 f4 50. Qe7+ Kg6 51. Ke6 fxg3 52. Qe8+ Kg7 53. Qe7+ Kg6 54. Qe8+ Kh7 55. Qe7+ Kg8 56. Qe8+ Kg7 57. Qe7+ Kg6 1/2-1/2


[Site "https://www.chess.com"]

[Event "Titled Tuesday Blitz October 31 Early 2023"]
[White "Kalogeris, Ioannis"]
[Black "Limontaite, Simona"]
[WhiteFideId "4239563"]
[BlackFideId "12802506"]
[WhiteElo "2495"]
[BlackElo "2232"]
[Result "1-0"]
[Round "2"]
[TimeControl "180+1"]
[Date "2023.10.31"]
[WhiteClock "0:00:25"]
[BlackClock "0:00:00"]
[Board "162"]

1. e4 d6 2. d4 Nf6 3. Nc3 c6 4. Nf3 Qa5 5. Bd3 Bg4 6. h3 Bh5 7. Bd2 Qc7 8. Qe2 e6 9. O-O-O Be7 10. e5 Nd5 11. Ne4 dxe5 12. dxe5 Nd7 13. g4 Bg6 14. c4 Nb4 15. Nd6+ Bxd6 16. Bxg6 Be7 17. Bb1 O-O-O 18. a3 Na6 19. b4 Rhe8 20. Bc3 h6 21. Rd3 Nb6 22. Rhd1 Rxd3 23. Bxd3 Rd8 24. Bc2 Rxd1+ 25. Bxd1 Qd8 26. Bc2 Nc7 27. Kb2 Kb8 28. a4 Nc8 29. a5 Ne8 30. Bh7 Nc7 31. Qd3 Qf8 32. Kb3 Na6 33. Qd2 Nc7 34. Be4 Qe8 35. Ne1 Bf8 36. f4 Ne7 37. Nc2 Nc8 38. Na3 Be7 39. Nc2 Na6 40. Qf2 Nc7 41. f5 1-0


[Site "https://www.chess.com"]

[Event "Titled Tuesday Blitz October 31 Early 2023"]
[White "Topalov, Aleksandar"]
[Black "Shapiro, Viktor"]
[WhiteFideId "925659"]
[BlackFideId "4175700"]
[WhiteElo "2228"]
[BlackElo "2494"]
[Result "1/2-1/2"]
[Round "2"]
[TimeControl "180+1"]
[Date "2023.10.31"]
[WhiteClock "0:00:04"]
[BlackClock "0:00:17"]
[Board "163"]

1. b3 Nf6 2. Bb2 d5 3. Nf3 Bf5 4. g3 e6 5. Bg2 Bd6 6. O-O h6 7. d3 O-O 8. Nbd2 Bh7 9. e3 c5 10. Ne5 Qc7 11. f4 Nbd7 12. Nxd7 Nxd7 13. e4 d4 14. a4 e5 15. f5 Be7 16. Nc4 b6 17. Bc1 Bf6 18. Qh5 a6 19. g4 Qd8 20. Bd2 Qe7 21. Be1 b5 22. Nb2 Bg5 23. Bg3 Rfc8 24. Kh1 Rab8 25. axb5 axb5 26. Ra6 Ra8 27. Rfa1 Rxa6 28. Rxa6 Nf6 29. Qh3 Bc1 30. Nd1 c4 31. bxc4 bxc4 32. Bh4 cxd3 33. cxd3 Bg5 34. Bxg5 hxg5 35. Bf3 Qb7 36. Ra1 Qb3 37. Qf1 g6 38. Qe2 Rc2 39. Qe1 gxf5 40. exf5 Qb5 41. Ra3 Kg7 42. h4 gxh4 43. Qxh4 e4 44. Qg5+ Kf8 45. Qxf6 Rc8 46. Ra7 Bg8 47. Qh6+ Ke8 48. Qd6 Qc5 49. Re7+ Kf8 50. Qxc5 Rxc5 51. Rxe4 Rc1 52. Rxd4 f6 53. Kg2 Bb3 54. Ne3 Kg7 55. Kg3 Re1 56. Kf4 Kh6 57. Rd6 Kg7 58. Rd7+ Kh6 59. Rd6 Kg7 60. Nc4 Rf1 61. Ne3 Re1 1/2-1/2


[Site "https://www.chess.com"]

[Event "Titled Tuesday Blitz October 31 Early 2023"]
[White "Kiseleva, Arina"]
[Black "Bilan, Danila"]
[WhiteFideId "4164989"]
[BlackFideId "24161918"]
[WhiteElo "2227"]
[BlackElo "2486"]
[Result "0-1"]
[Round "2"]
[TimeControl "180+1"]
[Date "2023.10.31"]
[WhiteClock "0:00:00"]
[BlackClock "0:00:11"]
[Board "164"]

1. d4 d5 2. Nf3 Nf6 3. e3 c5 4. Bd3 Nc6 5. b3 cxd4 6. exd4 Bg4 7. Be2 e6 8. h3 Bh5 9. O-O Bd6 10. Bb2 Qc7 11. Nbd2 O-O 12. c4 Rad8 13. Rc1 Bf4 14. c5 Ne4 15. Bc3 Bxf3 16. Bxf3 Nxc3 17. Rxc3 Nxd4 18. b4 Qe5 19. Re1 Qf6 20. Nb3 Ne2+ 21. Qxe2 Qxc3 22. g3 Bh6 23. b5 Rc8 24. Bg2 g6 25. Kh2 Rfd8 26. f4 Bf8 27. Rc1 Qb4 28. Bf1 Bxc5 29. f5 Bg1+ 30. Kxg1 Rxc1 31. Nxc1 Qc5+ 32. Qf2 Qxc1 33. f6 Rc8 34. Qxa7 Qc5+ 35. Qxc5 Rxc5 36. a4 Rc1 37. a5 Ra1 38. a6 bxa6 39. bxa6 Kf8 40. Kf2 Ke8 41. Bb5+ Kd8 42. g4 g5 43. Kg3 h6 44. Kf3 Ra3+ 45. Kg2 d4 46. Kf2 Rxh3 47. Bc6 Ra3 48. Bb7 e5 49. Ke2 Kc7 50. Kd2 Kd6 51. Ke2 Ke6 0-1


[Site "https://www.chess.com"]

[Event "Titled Tuesday Blitz October 31 Early 2023"]
[White "MFatigue"]
[Black "Quirke, Jeffrey"]
[BlackFideId "2013029"]
[WhiteElo "2486"]
[BlackElo "2222"]
[Result "1-0"]
[Round "2"]
[TimeControl "180+1"]
[Date "2023.10.31"]
[WhiteClock "0:01:26"]
[BlackClock "0:00:08"]
[Board "165"]

1. e4 e6 2. d4 d5 3. Nc3 Nf6 4. e5 Nfd7 5. f4 c5 6. Nf3 Nc6 7. Be3 a6 8. Qd2 b5 9. dxc5 Bxc5 10. Bxc5 Nxc5 11. Qf2 Qb6 12. Bd3 Bb7 13. O-O b4 14. Ne2 h6 15. f5 O-O 16. Nf4 exf5 17. Nxd5 Qa7 18. Bxf5 Rae8 19. Rae1 Na4 20. b3 Qxf2+ 21. Rxf2 Nc5 22. Nb6 a5 23. Nc4 g6 24. Be4 Nxe4 25. Rxe4 Re6 26. Nd4 Nxd4 27. Rxd4 Ra8 28. Nd6 Bc6 29. Nxf7 Rf8 30. Nxh6+ 1-0


[Site "https://www.chess.com"]

[Event "Titled Tuesday Blitz October 31 Early 2023"]
[White "Tharushi, T H D Niklesha"]
[Black "Avazkhonov, Alikhon"]
[WhiteFideId "9918264"]
[BlackFideId "14208504"]
[WhiteElo "2221"]
[BlackElo "2485"]
[Result "0-1"]
[Round "2"]
[TimeControl "180+1"]
[Date "2023.10.31"]
[WhiteClock "0:00:42"]
[BlackClock "0:01:44"]
[Board "166"]

1. d4 d5 2. c4 e6 3. Nc3 c6 4. e4 dxe4 5. Nxe4 Bb4+ 6. Nc3 e5 7. d5 Ne7 8. Bd2 cxd5 9. cxd5 Nxd5 10. Nxd5 Qxd5 11. Bxb4 Qe4+ 12. Qe2 Qxb4+ 13. Kd1 Nc6 14. Nf3 Bg4 15. h3 O-O-O+ 16. Kc1 Qc5+ 17. Qc4 Qxc4+ 18. Bxc4 Bxf3 19. gxf3 f6 20. Rg1 g5 21. b3 h5 22. Kb2 Rd2+ 23. Ka3 Rxf2 24. Bd5 Nd4 25. Raf1 Rh2 26. Rd1 Kb8 27. Rh1 Rf2 28. Rdf1 Rxf1 29. Rxf1 Nc2+ 30. Kb2 Ne3 31. Be4 Nxf1 0-1


[Site "https://www.chess.com"]

[Event "Titled Tuesday Blitz October 31 Early 2023"]
[White "Witty_Alien"]
[Black "Shuvalov, Evgenij"]
[BlackFideId "4187237"]
[WhiteElo "2219"]
[BlackElo "2482"]
[Result "1-0"]
[Round "2"]
[TimeControl "180+1"]
[Date "2023.10.31"]
[WhiteClock "0:01:10"]
[BlackClock "0:01:17"]
[Board "167"]

1. e4 e6 2. d4 d5 3. exd5 exd5 4. Nf3 Nf6 5. c4 Bb4+ 6. Nc3 O-O 7. Be2 dxc4 8. O-O Be6 9. Ng5 Bf5 10. Bxc4 c6 11. Nxf7 Rxf7 12. Bxf7+ Kh8 13. Bg5 Nbd7 14. Qb3 Qb6 15. Na4 Qa5 16. a3 Bd6 17. Qxb7 Rb8 18. Qxc6 Bxh2+ 19. Kxh2 Be4 20. d5 Ne5 21. Qd6 Rd8 22. Qxe5 Ng4+ 23. Kg1 Nxe5 24. Bxd8 Nxf7 25. Bxa5 1-0


[Site "https://www.chess.com"]

[Event "Titled Tuesday Blitz October 31 Early 2023"]
[White "Cervantes Landeiro, Thalia"]
[Black "campochess"]
[WhiteFideId "3520498"]
[WhiteElo "2480"]
[BlackElo "2191"]
[Result "1-0"]
[Round "2"]
[TimeControl "180+1"]
[Date "2023.10.31"]
[WhiteClock "0:00:36"]
[BlackClock "0:00:00"]
[Board "168"]

1. d4 Nf6 2. c3 d6 3. Nf3 Nbd7 4. g3 c5 5. Bg2 cxd4 6. cxd4 g6 7. O-O Bg7 8. Nc3 O-O 9. e4 Ne8 10. Be3 a6 11. Rc1 b5 12. d5 b4 13. Na4 Nef6 14. Nd4 Ne5 15. Nc6 Qe8 16. Nb6 Nxc6 17. Nxa8 Ne5 18. Nb6 Bg4 19. f3 Bd7 20. Nxd7 Qxd7 21. Bd4 Qb5 22. Re1 Nfd7 23. f4 Nc4 24. Bxg7 Kxg7 25. Qd4+ Nce5 26. fxe5 Nxe5 27. b3 Kg8 28. Rf1 Qe2 29. Rf2 Qh5 30. h3 Qg5 31. Rc7 Qxg3 32. Rxe7 Rc8 33. Qd2 Qc3 34. Qxc3 bxc3 35. Rc2 Nd3 36. e5 Nb4 37. exd6 Nxc2 38. d7 Rf8 39. Re8 1-0


[Site "https://www.chess.com"]

[Event "Titled Tuesday Blitz October 31 Early 2023"]
[White "Pinales Roussel, Gabriel"]
[Black "Kopczynski, Michal"]
[WhiteFideId "3101762"]
[BlackFideId "1124200"]
[WhiteElo "2189"]
[BlackElo "2476"]
[Result "0-1"]
[Round "2"]
[TimeControl "180+1"]
[Date "2023.10.31"]
[WhiteClock "0:00:00"]
[BlackClock "0:01:17"]
[Board "169"]

1. d4 Nf6 2. c4 g6 3. Nc3 Bg7 4. e4 d6 5. h3 O-O 6. Be3 Na6 7. g4 c5 8. d5 Nc7 9. Nge2 a6 10. Ng3 Rb8 11. a4 e6 12. Qd2 exd5 13. cxd5 b5 14. axb5 axb5 15. f3 b4 16. Nd1 Re8 17. Be2 Bd7 18. Kf2 Ra8 19. Rxa8 Qxa8 20. h4 Bb5 21. Bxb5 Nxb5 22. Bh6 Bh8 23. Ne3 Qa2 24. h5 Nd7 25. hxg6 fxg6 26. Nd1 Rf8 27. Kg2 Ne5 28. Nf5 gxf5 29. Qg5+ Kf7 30. Qxf5+ Ke8 31. Qxf8+ Kd7 32. Qxh8 Kc7 33. Qxh7+ Kb6 34. Be3 Nc3 35. Kg3 Ne2+ 36. Kh4 Nxf3+ 37. Kh5 Ng3+ 38. Kg6 Ne5+ 39. Kf6 Nxg4+ 40. Ke7 Nxh1 41. Qxh1 Qa7+ 42. Kxd6 Qc7+ 43. Ke6 Qe5+ 44. Kf7 Qf6+ 45. Kg8 Qg6+ 46. Kh8 Nf6 0-1


[Site "https://www.chess.com"]